 Dungeon Crawl Stone Soup version 0.19-a0-1210-g5c1aa26 (webtiles) character file.

107 st0uf the Covered (level 4, -8/41 HPs)
             Began as a Minotaur Fighter on Aug 22, 2016.
             Mangled by an orc
             ... wielding a +1 whip of electrocution
              (13 damage)
             ... on level 4 of the Dungeon.
             The game lasted 00:04:38 (1324 turns).

st0uf the Covered (Minotaur Fighter)                Turns: 1324, Time: 00:04:39

Health: -8/41      AC:  7    Str: 22    XL:     4   Next: 57%
Magic:  3/3        EV:  7    Int:  5    God:
Gold:   63         SH:  9    Dex:  9    Spells: 0 memorised, 3 levels left

rFire  . . .     SeeInvis .     a - +0 war axe
rCold  . . .     Gourm    .     b - +0 scale mail
rNeg   . . .     Faith    .     c - +0 shield
rPois  .         Spirit   .     (helmet restricted)
rElec  .         Dismiss  .     (no cloak)
rCorr  .         Reflect  .     (no gloves)
MR     .....     Harm     .     (no boots)
Stlth  ..........               (no amulet)
                                (no ring)
                                (no ring)

@: no status effects
A: retaliatory headbutt, horns 2
a: no special abilities


You were on level 4 of the Dungeon.
You were not hungry.

You visited 1 branch of the dungeon, and saw 4 of its levels.

You collected 63 gold pieces.

Inventory:

Hand Weapons
 a - a +0 war axe (weapon)
Armour
 b - a +0 scale mail (worn)
 c - a +0 shield (worn)
Jewellery
 k - a cursed amulet of inaccuracy {unknown}
 t - an uncursed amulet of the gourmand {unknown}
Wands
 v - a wand of iceblast (14/15)
Scrolls
 j - a scroll of enchant armour {unknown}
 l - a scroll of fog {unknown}
 m - 2 scrolls of identify {unknown}
 n - a scroll of amnesia {unknown}
 s - a scroll of enchant weapon {unknown}
 u - a scroll of teleportation {unknown}
Potions
 d - 4 potions of might
 e - a potion of mutation {unknown}
 h - 2 potions of curing {unknown}
 i - a potion of heal wounds {unknown}
 o - a potion of degeneration {unknown}
 p - a potion of cure mutation {unknown}
 q - a potion of berserk rage {unknown}
 r - a potion of invisibility {unknown}
Comestibles
 f - 2 bread rations
 g - 2 fruits


   Skills:
 + Level 4.4 Fighting
 + Level 3.0 Axes
 + Level 4.7 Armour
 + Level 0.1 Stealth
 + Level 4.7 Shields


You had 3 spell levels left.
You didn't know any spells.

Dungeon Overview and Level Annotations

Branches:
Dungeon (4/15)
 Temple: D:4-7

Altars:


Innate Abilities, Weirdness & Mutations

You reflexively headbutt those who attack you in melee.
You have a pair of horns on your head.


Message History

You slash the orc wizard!
You kill the orc wizard!
Your Axes skill increases to level 3!
The orc wizard points at you and mumbles some strange words.
The magic dart hits you!
Your shield prevents you from hitting the orc wizard.
The orc wizard gestures at you while chanting.
The magic dart hits you!
* * * LOW HITPOINT WARNING * * *
Unknown command.
You barely miss the orc wizard. Your headbutt misses the orc wizard.
The orc wizard hits you but does no damage.
You hit the orc wizard but do no damage.
The orc wizard points at you and mumbles some strange words.
The magic dart hits you!
* * * LOW HITPOINT WARNING * * *
The orc hits you with a whip of electrocution.
* * * LOW HITPOINT WARNING * * *
You are electrocuted!
You die...

#.######
#...@o#
#.####o#####.##
##.........
#>.<####.##
#.......#
#..o.....
##o####### ..o
...


You could see an orc wizard and an orc.

Vanquished Creatures
  An orc wizard (D:4)
  Jessica (D:2)
  2 adders
  A giant gecko (D:3)
  4 orcs
  3 bats
  3 giant cockroaches
  3 goblins
  4 hobgoblins
  3 giant newts
  4 kobolds
  2 rats
31 creatures vanquished.

Notes
Turn   | Place    | Note
-------+----------+-------------------------------------------
     0 | D:1      | st0uf the Minotaur Fighter began the quest for the Orb.
     0 | D:1      | Reached XP level 1. HP: 19/19 MP: 0/0
   253 | D:1      | Reached XP level 2. HP: 27/27 MP: 1/1
   715 | D:2      | Noticed Jessica
   740 | D:2      | Killed Jessica
   740 | D:2      | Reached XP level 3. HP: 12/33 MP: 2/2
  1071 | D:3      | Reached XP level 4. HP: 39/41 MP: 3/3
  1324 | D:4      | Mangled by an orc

Vault maps used:
D:1:      minmay_arrival_loop, kennysheep_pointless_box, corexii_corridor_pit,
          nrook_mini_backslash
D:2:      first_bread, hex_tiny, st_stairs_9, okawaru_altar_gauntlet_db,
          uniq_robin, uniq_jessica
D:4:      minmay_misc_feat_enclosed, fedhas_altar_2, uniq_natasha

Skill      XL: |  1  2  3  4 |
---------------+-------------+-----
Fighting       | 4 |  4.4
Armour         | 4 |  4.7
Shields        | 4 |  4.7
Axes           | 3 |  3.0
Stealth        | |  0.1

Action                   |  1- 3 |  4- 6 || total
-------------------------+-------+-------++-------
Melee: War axe           |    60 |    20 ||    80
       Headbutt          |     7 |     3 ||    10
  Eat: Chunk             |     1 |       ||     1
Armor: Scale mail        |    22 |     5 ||    27
Dodge: Dodged            |    13 |     7 ||    20
Block: Shield            |    36 |    12 ||    48
